 Dungeon Crawl Stone Soup version 0.28.0-53-g5a82cb258f (webtiles) character file.

Game seed: 13768105813098647811

2542 klau3 the Cleaver (level 9, -8/79 HPs)
             Began as a Minotaur Berserker on May 19, 2022.
             Was a Priest of Trog.
             Mangled by a redback (12 damage)
             ... on level 7 of the Dungeon on May 20, 2022.
             The game lasted 00:20:02 (10498 turns).

klau3 the Cleaver (Minotaur Berserker)             Turns: 10498, Time: 00:20:03

Health: -8/79      AC:  9    Str: 27    XL:     9   Next: 30%
Magic:  11/17      EV: 11    Int:  4    God:    Trog [***...]
Gold:   306        SH:  5    Dex:  9    Spells: 8/8 levels left

rFire   . . .      SeeInvis .   D - +0 war axe
rCold   . . .      Faith    .   (no shield)
rNeg    + . .      Spirit   .   n - +0 scale mail
rPois   .          Reflect  +   (helmet restricted)
rElec   .          Harm     .   (no cloak)
rCorr   .          Rampage  .   d - +0 pair of gloves
Will    ++...      Rage     1%  (no boots)
Stlth   ..........              K - amulet of reflection
HPRegen 1.23/turn               y - ring of positive energy
MPRegen 0.15/turn               A - ring of magical power

@: lethally poisoned (-8 -> -11), strong-willed, on berserk cooldown,
regenerating, slowed, very slow
A: horns 2, retaliatory headbutt, berserk 1
a: Renounce Religion, Berserk, Trog's Hand


You were on level 7 of the Dungeon.
You worshipped Trog.
Trog was most pleased with you.
You visited 1 branch of the dungeon, and saw 7 of its levels.
You also visited: Sewer.

You collected 306 gold pieces.

Inventory:

Hand Weapons
 a - a +0 hand axe
 D - a +0 war axe (weapon)
 G - a +0 halberd
 H - a +0 shortbow
Missiles
 j - 10 poisoned darts (quivered)
 o - 4 atropa-tipped darts
 F - a throwing net
 I - 13 arrows
Armour
 b - a +0 animal skin
 d - a +0 pair of gloves (worn)
 n - a +0 scale mail (worn)
Jewellery
 p - an amulet of guardian spirit
 y - a ring of positive energy (left hand)
 A - a ring of magical power (right hand)
 E - a ring of resist corrosion
 K - an amulet of reflection (around neck)
 L - a +6 ring of intelligence
Wands
 m - a wand of charming (4)
Scrolls
 c - 4 scrolls of identify
 e - 2 scrolls of fog
 g - 2 scrolls of teleportation {unknown}
 i - a scroll of enchant armour {unknown}
 k - 2 scrolls of enchant weapon {unknown}
 l - 3 scrolls of blinking {unknown}
 q - a scroll of fear {unknown}
 r - a scroll of magic mapping
 s - a scroll of amnesia
 v - a scroll of silence
 C - a scroll of noise
Potions
 f - 2 potions of might
 h - a potion of brilliance {unknown}
 t - 3 potions of mutation
 u - 3 potions of flight
 w - a potion of attraction {unknown}
 x - 2 potions of heal wounds {unknown}
 z - a potion of curing
 J - a potion of lignification {unknown}
 M - 2 potions of haste {unknown}


   Skills:
 + Level 7.3 Fighting
 + Level 9.9 Axes
 + Level 8.5 Armour
 + Level 5.0 Dodging
 + Level 2.2 Stealth


You had 8 spell levels left.
You didn't know any spells.
Your spell library was empty.

Dungeon Overview and Level Annotations

Branches:
Dungeon (7/15)             Temple (0/1) D:6           Sewer (visited)

Altars:
Elyvilon
Qazlal
Sif Muna
Wu Jian
Yredelemnul

Shops:
D:1 [

Annotations:
D:7 2 runed translucent doors


Innate Abilities, Weirdness & Mutations

You have a pair of horns on your head.
You reflexively headbutt those who attack you in melee.
You tend to lose your temper in combat.


Message History

The redback is moderately wounded.
You feel very sick. The redback bites you.
You hit the redback but do no damage.
The redback is moderately wounded.
You feel sick. The redback bites you!
You slash the redback! Your headbutt misses the redback.
The redback is severely wounded.
You feel sick. The redback barely misses you.
You barely miss the redback.
The redback is severely wounded.
You feel sick. The redback bites you.
You are more poisoned.
The redback poisons you!
You closely miss the redback. You headbutt the redback.
You kill the redback!
Trog accepts your kill.
You feel extremely sick.
You closely miss the redback.
You feel very sick. You block the redback's attack.
You are too berserk!
You feel very sick.
You feel a strong urge to attack something.
You feel very sick.
The water moccasin hisses angrily.
You are no longer berserk.
You are exhausted.
You feel yourself slow down.
You feel very sick.
* * * LOW HITPOINT WARNING * * *
You feel extremely sick. The redback bites you.
* * * LOW HITPOINT WARNING * * *
Unknown command.
* * * LOW HITPOINT WARNING * * *
You feel very sick.
The redback bites you but does no damage.
The redback bites you!
You die...

.......##yyyyy..##..........#...#
...#))##+##yyy##+##.........#._.#
..###.#...#####...#..<......#...#
#.###.#....#$#....#.........##.##
##....#...s#?#s...#..........#.#.
....#.#..ssssSSs..#..........#.#.
#####.##...#=#S..##..........#.#.
#..###s#.#.###...........#'#. #
##...###.###@................ ###
###.....s.sS..........##.#.. ..##
##...##..##.........##.... ...#
#######..#........#####.. ...#
#..#........# #.. ...#
##.########## ##. ..## #..# ##
.## #..# ## ##.##


You could see a water moccasin, a redback and a scorpion.

Vanquished Creatures
  A steam dragon (D:7)
  3 redbacks (D:7)
  Menkaure (D:4)
  A water moccasin (D:7)
  An acid dragon (D:7)
  2 sky beasts
  A hornet zombie (D:7)
  A centaur (D:6)
  2 ogres
  A kobold brigand (D:7)
  A bullfrog (D:7)
  A gnoll sergeant (D:6)
  3 scorpions (D:5)
  Crazy Yiuf (D:6)
  3 centaur zombies
  An orc priest (D:5)
  A hound (D:7)
  A jelly (D:3)
  2 bullfrog skeletons
  Natasha (thrice) (D:4)
  3 orc wizards
  A hound skeleton (D:4)
  4 gnolls (D:6)
  14 adders
  6 river rats
  2 worms (Sewer)
  3 dart slugs
  28 orcs
  10 ball pythons
  11 bats
  4 endoplasms
  3 giant cockroaches
  4 hobgoblins
  9 jackals
  4 quokkas
  6 frilled lizards
  6 goblins
  8 kobolds
  8 rats
165 creatures vanquished.

Vanquished Creatures (others)
  3 fungi (D:6)
  5 toadstools (D:1)
8 creatures vanquished.

Grand Total: 173 creatures vanquished

Notes
Turn   | Place    | Note
-------+----------+-------------------------------------------
     0 | D:1      | klau3 the Minotaur Berserker began the quest for the Orb.
     0 | D:1      | Reached XP level 1. HP: 19/19 MP: 0/0
    16 | D:1      | Found Peacy's Armour Shoppe.
   266 | D:1      | Reached skill level 4 in Axes
   266 | D:1      | Reached XP level 2. HP: 24/27 MP: 1/1
   266 | D:1      | Upgraded the game from 0.28.0-49-g6dfe1f597d to
                  | 0.28.0-53-g5a82cb258f
   599 | D:1      | Found a faded altar of an unknown god.
  1066 | D:2      | Reached XP level 3. HP: 7/33 MP: 2/2
  1868 | D:2      | Reached ** piety under Trog
  2250 | D:2      | Reached skill level 5 in Axes
  2250 | D:2      | Reached XP level 4. HP: 40/40 MP: 3/3
  2327 | D:3      | Found a basalt altar of Yredelemnul.
  2405 | D:3      | Reached skill level 1 in Stealth
  3356 | D:4      | Noticed Menkaure
  3364 | D:4      | Killed Menkaure
  3365 | D:4      | Reached skill level 5 in Fighting
  3365 | D:4      | Reached XP level 5. HP: 48/48 MP: 4/4
  3490 | D:4      | Found a glowing drain.
  3510 | D:4      | Reached XP level 6. HP: 53/56 MP: 5/5
  3523 | Sewer    | Entered a sewer
  3786 | Sewer    | Reached skill level 6 in Axes
  3861 | Sewer    | Reached *** piety under Trog
  4530 | D:4      | Noticed Natasha
  4537 | D:4      | Killed Natasha
  4651 | D:4      | Noticed Natasha
  4673 | D:4      | Killed Natasha
  4991 | D:4      | Found a shimmering blue altar of Sif Muna.
  5030 | D:4      | Found a stormy altar of Qazlal.
  5119 | D:4      | Reached XP level 7. HP: 57/61 MP: 6/6
  5221 | D:4      | Noticed Natasha
  5236 | D:4      | Killed Natasha
  5581 | D:5      | Entered Level 5 of the Dungeon
  5671 | D:5      | Found an ornate altar of the Wu Jian Council.
  6097 | D:5      | Reached skill level 7 in Axes
  6563 | D:5      | Reached skill level 5 in Armour
  6837 | D:5      | Reached XP level 8. HP: 70/70 MP: 7/7
  7312 | D:5      | Reached skill level 8 in Axes
  8269 | D:6      | Found a runed translucent door.
  8270 | D:6      | Noticed Crazy Yiuf
  8286 | D:6      | Killed Crazy Yiuf
  8600 | D:6      | Found a staircase to the Ecumenical Temple.
  8961 | D:6      | Identified the +1 scale mail of the Wasteland {rElec rC+
                  | Dex-3}
  8987 | D:7      | Found a runed translucent door.
  9110 | D:7      | Found a runed translucent gate.
  9111 | D:7      | Found the +9 staff of Olgreb {rPois∞}
  9117 | D:7      | Found a runed translucent door.
  9138 | D:7      | Found a runed translucent gate.
  9138 | D:7      | Found a runed translucent gate.
  9593 | D:7      | Reached skill level 9 in Axes
  9817 | D:7      | Reached XP level 9. HP: 78/78 MP: 8/8
  9853 | D:7      | Found a white marble altar of Elyvilon.
 10468 | D:7      | Gained mutation: You tend to lose your temper in combat.
                  | [potion of mutation]
 10488 | D:7      | Reached skill level 5 in Dodging
 10498 | D:7      | Mangled by a redback

Illustrated notes

Levels and vault maps discovered:
D:1:      ldierk_walled_garden, layout_basic, nicolae_ecumenical_lake_church,
          serial_shops, nicolae_square_shop
D:2:      layout_basic, minmay_pentomino_v4
D:3:      layout_loops_ring, yredelemnul_altar_generic, minmay_misc_feat_tiny
D:4:      layout_loops_cross, led_sif_pool, grunt_qazlal_clouds,
          portal_sewer_entry_b, due_unseen_surprise, uniq_natasha, uniq_menkaure
D:5:      layout_layer_cave, marbit_many_paths
D:6:      layout_cave_pods, minmay_temple_entry_enclosed_plants,
          hangedman_decor_clover_reticule, minivault_4, uniq_crazy_yiuf_cottage
D:7:      layout_cave_pods, mainiacjoe_overflow_surrounded_room,
          minmay_guarded_unrand_staff_of_olgreb

Skill      XL: |  1  2  3  4  5  6  7  8  9 |
---------------+----------------------------+-----
Axes           | 4 5 6 7 9 |  9.9
Fighting       | 4 5 6 7 |  7.3
Stealth        | 1 2 |  2.2
Dodging        | 3 4 5 |  5.0
Armour         | 4 5 7 8 |  8.5

Action                   |  1- 3 |  4- 6 |  7- 9 || total
-------------------------+-------+-------+-------++-------
Melee: Hand axe          |    77 |   153 |   101 ||   331
       Headbutt          |    12 |    24 |    28 ||    64
       War axe           |       |       |    81 ||    81
       Punch             |       |       |     2 ||     2
Invok: Berserk           |     1 |     5 |     9 ||    15
       Trog's Hand       |       |       |     2 ||     2
  Use: Scroll            |     1 |       |     6 ||     7
       Potion            |       |     2 |     2 ||     4
 Stab: Sleeping          |     2 |       |       ||     2
Armor: Animal skin       |    16 |     5 |       ||    21
       Scale mail        |       |    68 |    79 ||   147
Dodge: Dodged            |    46 |   139 |   145 ||   330
Block: Other             |       |       |     3 ||     3
